 Dungeon Crawl Stone Soup version 0.24.0-28-g17ded55e90 (webtiles) character file.

Game seed: 7468327868797946951, levelgen mode: deterministic

3525 Iamsoldier the Basher (level 9, -7/81 HPs)
             Began as a Minotaur Berserker on Nov 12, 2019.
             Was an Elder of Trog.
             Splashed by a gnoll's acid (10 damage)
             ... on level 8 of the Dungeon.
             The game lasted 00:22:46 (7802 turns).

Iamsoldier the Basher (Minotaur Berserker)          Turns: 7802, Time: 00:22:48

Health: -7/81      AC:  9    Str: 25    XL:     9   Next: 81%
Magic:  8/8        EV:  6    Int:  4    God:    Trog [****..]
Gold:   594        SH:  0    Dex: 10    Spells: 8/8 levels left

rFire    . . .     SeeInvis .   b - +5 great mace
rCold    . . .     Gourm    .   (shield currently unavailable)
rNeg     . . .     Faith    .   B - +0 chain mail
rPois    .         Spirit   .   (helmet restricted)
rElec    .         Reflect  .   (no cloak)
rCorr    .         Harm     .   (no gloves)
MR       .....                  d - +1 pair of boots
Stlth    ..........             (no amulet)
HPRegen  0.23/turn              H - ring of wizardry
MPRegen  0.11/turn              r - ring of flight

@: lethally poisoned (-7 -> -27), corroded, berserk cooldown, held, slowed, very
slow
A: retaliatory headbutt, horns 2
a: Berserk, Trog's Hand, Brothers in Arms, Renounce Religion, Evoke Flight


You were on level 8 of the Dungeon.
You worshipped Trog.
Trog was greatly pleased with you.
You were not hungry.

You visited 1 branch of the dungeon, and saw 8 of its levels.
You also visited: Ossuary.

You collected 594 gold pieces.

Inventory:

Hand Weapons
 a - a +0 mace
 b - a +5 great mace (weapon)
Armour
 d - a +1 pair of boots (worn)
 B - a +0 chain mail (worn)
Jewellery
 j - an uncursed ring of stealth
 r - a ring of flight (right hand)
 F - an uncursed ring of stealth
 H - a ring of wizardry (left hand)
Wands
 D - a wand of iceblast (6)
 E - a wand of polymorph (5)
Scrolls
 f - a scroll of amnesia {unknown}
 g - 2 scrolls of fog {unknown}
 h - 4 scrolls of enchant armour {unknown}
 k - 3 scrolls of teleportation {unknown}
 l - 6 scrolls of remove curse {unknown}
 m - a scroll of silence {unknown}
 t - a scroll of fear {unknown}
 v - a scroll of noise {unknown}
 x - a scroll of random uselessness {unknown}
 y - 3 scrolls of blinking {unknown}
 z - a scroll of holy word {unknown}
Potions
 e - 4 potions of lignification
 i - 6 potions of degeneration
 n - 3 potions of curing
 o - 5 potions of haste
 p - 2 potions of berserk rage
 q - a potion of ambrosia
 s - 2 potions of brilliance
 u - a potion of cancellation
 w - 2 potions of mutation
 A - 3 potions of heal wounds
 C - 2 potions of flight
Comestibles
 c - 22 rations


   Skills:
 + Level 7.9 Fighting
 - Level 12.0 Maces & Flails
 + Level 7.4 Armour
 + Level 6.7 Dodging


You had 8 spell levels left.
You didn't know any spells.
Your spell library was empty.

Dungeon Overview and Level Annotations

Branches:
Dungeon (8/15)             Temple (0/1) D:5         Ossuary (visited)
   Lair: D:8-11

Altars:
Ashenzari
Kikubaaqudgha
Qazlal
Uskayaw
Xom
Yredelemnul
Zin

Shops:
D:8 }

Annotations:
D:6 exclusion: oklob plant
D:8 1 transporter, Grum


Innate Abilities, Weirdness & Mutations

You reflexively headbutt those who attack you in melee.
You have a pair of horns on your head.


Message History

You struggle against the net.
* * * LOW HITPOINT WARNING * * *
You feel sick. The wolf bites you.
* * * LOW HITPOINT WARNING * * *
Grum lets out an intimidating howl.
Grum barely misses you. You furiously retaliate!
You headbutt Grum.
You are too berserk!
You struggle against the net.
You feel a strong urge to attack something.
You are no longer berserk.
You are exhausted.
You feel yourself slow down.
* * * LOW HITPOINT WARNING * * *
You feel sick.
The gnoll zaps a wand.
The bolt of acid hits the plant!
The plant is splashed with acid.
The plant seems to be corroded for longer.
The bolt of acid hits you!
* * * LOW HITPOINT WARNING * * *
You are splashed with acid!
You die... 8

###g###.8#≈≈...###+ #.≈≈#
)......#≈≈....... #.≈≈###
##'##.###≈≈....... #.≈≈..
#...#.#..≈≈.....[.
#.≈≈.##. ⌠.⌠#.##.≈≈.p.....
#.≈≈.#g ...#.h#.≈≈.#.....
#.≈≈.##.##g##.##.≈≈p######
#.....#.#PhP#g#..≈≈.#
#....©#.g@©g'g#©.≈≈.#
#.....#.#8†8#.#..≈≈.#
#.≈≈.##.#####.##.≈≈.#
#.≈≈.#..# #.g#.≈≈.#
#.≈≈.##.# #.##.≈≈.##
#.≈≈..#.#$ $#.#..≈≈..#####
#.≈≈###.##+##.###≈≈.......
#.≈≈#g..!.......#≈≈..#####
##.≈≈#8.###.###g8#≈≈..#


You could see Grum, a wolf and 4 gnolls.

Vanquished Creatures
  Pikel (D:8)
  Sigmund (D:2)
  Menkaure (D:7)
  The ghost of catramo the Vexing, an amateur DsEn (D:4)
  2 sky beasts
  An ice beast (D:7)
  An ogre (D:4)
  2 wolves (D:8)
  4 bullfrogs
  A big kobold (D:8)
  A gnoll sergeant (D:6)
  2 scorpions
  3 killer bees (D:7)
  3 wights (D:7)
  3 howler monkeys (D:8)
  2 crimson imps
  3 centaur zombies
  A quasit (D:8)
  A hound (D:6)
  7 jellies
  4 orc priests
  An orc wizard (D:5)
  A centaur skeleton (D:8)
  Jessica (D:3)
  A bullfrog skeleton (D:4)
  2 iguanas
  4 worker ants
  5 big kobold zombies (Ossuary)
  5 mummies
  2 hound skeletons
  A worker ant zombie (D:6)
  6 gnolls
  9 adders
  2 shadow imps (D:5)
  13 oozes (D:6)
  4 worms
  An adder skeleton (D:7)
  10 leopard geckos
  10 orcs
  3 ball pythons
  3 giant cockroaches
  2 goblins
  2 hobgoblins
  2 jackals (D:2)
  7 kobolds
  4 quokkas
  3 bats
  2 frilled lizards (D:3)
  3 hobgoblin zombies (Ossuary)
  2 leopard gecko skeletons
  8 rats
  A spectral orc (D:2)
165 creatures vanquished.

Vanquished Creatures (others)
  6 fungi (D:6)
  4 plants (D:8)
10 creatures vanquished.

Grand Total: 175 creatures vanquished

Notes
Turn   | Place    | Note
-------+----------+-------------------------------------------
     0 | D:1      | Iamsoldier the Minotaur Berserker began the quest for the
                  | Orb.
     0 | D:1      | Reached XP level 1. HP: 19/19 MP: 0/0
   365 | D:1      | Reached skill level 4 in Maces & Flails
   402 | D:1      | Reached XP level 2. HP: 24/27 MP: 1/1
   864 | D:2      | Found a shimmering altar of Xom.
  1034 | D:2      | Noticed Sigmund
  1078 | D:2      | Killed Sigmund
  1078 | D:2      | Reached skill level 7 in Maces & Flails
  1078 | D:2      | Reached XP level 3. HP: 10/33 MP: 2/2
  1078 | D:2      | Reached XP level 4. HP: 13/40 MP: 3/3
  1078 | D:2      | Reached XP level 5. HP: 15/46 MP: 4/4
  1589 | D:2      | Reached ** piety under Trog
  1814 | D:2      | Found a basalt altar of Yredelemnul.
  2523 | D:3      | Noticed Jessica
  2527 | D:3      | Killed Jessica
  2528 | D:3      | Reached skill level 8 in Maces & Flails
  2695 | D:3      | Reached XP level 6. HP: 51/52 MP: 5/5
  2857 | D:3      | Found an ancient bone altar of Kikubaaqudgha.
  3297 | D:4      | Found a sand-covered staircase.
  3411 | Ossuary  | Entered an ossuary
  3474 | Ossuary  | Reached skill level 9 in Maces & Flails
  3884 | D:4      | Reached XP level 7. HP: 58/58 MP: 6/6
  3921 | D:4      | Found a shattered altar of Ashenzari.
  4072 | D:4      | Found a transporter.
  4074 | D:4      | Noticed catramo's ghost (amateur DsEn)
  4079 | D:4      | Found a transporter.
  4097 | D:4      | Reached skill level 10 in Maces & Flails
  4103 | D:4      | Killed catramo's ghost
  4384 | D:5      | Entered Level 5 of the Dungeon
  4522 | D:5      | Reached skill level 11 in Maces & Flails
  4780 | D:5      | Reached XP level 8. HP: 57/66 MP: 7/7
  4861 | D:5      | Found a staircase to the Ecumenical Temple.
  5492 | D:6      | Reached *** piety under Trog
  5780 | D:6      | Noticed an oklob plant
  5789 | D:6      | Reached skill level 5 in Fighting
  6108 | D:6      | Reached skill level 5 in Armour
  6217 | D:6      | Found a stormy altar of Qazlal.
  6554 | D:7      | Found a hide-covered altar of Uskayaw.
  6709 | D:7      | Reached XP level 9. HP: 75/75 MP: 8/8
  6900 | D:7      | Reached **** piety under Trog
  6902 | D:7      | Reached skill level 5 in Dodging
  6933 | D:7      | Reached skill level 12 in Maces & Flails
  7125 | D:7      | Noticed Menkaure
  7129 | D:7      | Killed Menkaure
  7504 | D:7      | Found a glowing silver altar of Zin.
  7657 | D:8      | Found Maulust's Gadget Shoppe.
  7666 | D:8      | Noticed Grum
  7676 | D:8      | Noticed Pikel
  7691 | D:8      | Killed Pikel
  7776 | D:8      | Found a transporter.
  7782 | D:8      | Found a transporter.
  7802 | D:8      | HP: 3/81 [gnoll/bolt of acid (7)]
  7802 | D:8      | Splashed by a gnoll's acid

Levels and vault maps discovered:
D:1:      co_arrival_square_in_a_square_in_a_square, layout_loops_ring,
          serial_forest, infiniplex_forest_clump_medium,
          infiniplex_forest_clump_long, infiniplex_forest_lined_4_way,
          infiniplex_forest_lined_2, infiniplex_forest_lined_room_3,
          infiniplex_forest_end_2, infiniplex_forest_clump_curved
D:2:      layout_basic, yredelemnul_forgotten_temple_becter, xom_teletrap_fun,
          uniq_sigmund
D:3:      layout_basic, lemuel_doored_altar, uniq_jessica
D:4:      layout_basic, nicolae_ashenzari_panopticon, gammafunk_ghost_smash,
          gup_ossuary_entry_pyramid
D:5:      layout_basic, minmay_temple_entry_offerings, first_ration
D:6:      lemuel_slime, layout_cave_pools, kennysheep_mini, water_maze_lemuel
D:7:      layout_basic, eat_drink_and_be_merry_uskayaw, zin_treasury,
          uniq_menkaure
D:8:      layout_basic, gammafunk_ghost_gnarly_gnolls, serial_shops, shop,
          nicolae_shop_stone, nicolae_shop_trees, blue_anna_alchemist
          [blue_anna_fruit_fields, blue_anna_fruit_fields],
          kennysheep_generic_room_6, uniq_pikel

Skill      XL: |  1  2  3  4  5  6  7  8  9 |
---------------+----------------------------+-----
Maces & Flails | 4 7 8 9 11 12 | 12.0
Fighting       | 4 6 7 |  7.9
Armour         | 3 5 7 |  7.4
Dodging        | 4 6 |  6.7

Action                   |  1- 3 |  4- 6 |  7- 9 || total
-------------------------+-------+-------+-------++-------
Melee: Mace              |    41 |   156 |    23 ||   220
       Headbutt          |     3 |    20 |    34 ||    57
       Great mace        |       |       |   183 ||   183
Invok: Berserk           |     2 |     3 |     9 ||    14
       Trog's Hand       |       |       |     1 ||     1
  Use: Scroll            |       |       |    11 ||    11
       Potion            |       |       |     3 ||     3
 Stab: Sleeping          |       |     1 |       ||     1
  Eat: Chunk             |     1 |     8 |     9 ||    18
       Ration            |       |     1 |     4 ||     5
Armor: Animal skin       |     7 |     7 |       ||    14
       Scale mail        |       |    53 |     6 ||    59
       Chain mail        |       |       |   121 ||   121
Dodge: Dodged            |    22 |   102 |   118 ||   242
